Map: Ulrena

Players

DeMiGoDSh

  • Race: Terran Terran
  • League: Grandmaster

Miszu - Winner!

  • Race: Terran Terran
  • League: Grandmaster

VOD

Have the link to the VOD?

Description

Time

  • Played on: Feb. 8, 2016, 10:06 a.m.
  • Length: 7:39
Show
View Real Time Build Order
Export as new Build Order

DeMiGoDSh Terran 

Build Orders: 1/1/1, Cyclone Opening 

Get SALT Encoding   

  12  0:00  SCV  
  13  0:13  SCV  
  14  0:18  Supply Depot  
  14  0:25  SCV  
  15  0:39  SCV  
  15  0:41  Barracks  
  16  0:46  Refinery  
  16  0:51  SCV  
  16  0:56  Refinery  
  17  1:03  SCV  
  18  1:15  SCV  
  19  1:28  Marine, Orbital Command  
  20  1:40  Factory  
  20  1:47  Marine  
  20  1:49  Supply Depot  
  21  1:55  SCV  
  22  2:05  Marine  
  23  2:10  SCV  
  24  2:22  SCV  
  25  2:24  Starport, Factory Tech Lab  
  25  2:29  Supply Depot  
  25  2:32  Marine  
  25  2:34  SCV  
  27  2:44  Cyclone  
  30  2:55  Barracks Reactor  
  30  3:00  Starport Tech Lab  
  30  3:16  Command Center  
  30  3:19  Raven  
  32  3:26  Supply Depot  
  32  3:29  SCV  
  32  3:32  Marine x2  
  35  3:40  Siege Tank  
  38  3:49  Marine  
  38  3:50  Marine  
  38  3:51  Supply Depot  
  38  3:55  SCV  
  41  4:02  Viking  
  43  4:16  Siege Tank  
  43  4:17  Marine  
  46  4:18  Marine  
  46  4:22  SCV  
  49  4:36  Viking  
  49  4:37  Marine  
  49  4:57  SCV  
  50  5:01  Siege Tank  
  53  5:09  SCV  
  54  5:21  SCV  
  54  5:22  Viking  
  54  5:25  Orbital Command  
  57  5:33  SCV  
  57  5:35  Marine x2  
  60  5:45  Siege Tank, SCV  
  64  5:53  SCV  
  64  5:56  Supply Depot  
  65  5:57  SCV  
  66  6:08  SCV  
  66  6:10  SCV  
  68  6:12  Factory  
  68  6:13  Starport Reactor  
  68  6:19  Marine  
  37  7:08  SCV  
  37  7:11  SCV  
  37  7:14  Refinery  
  35  7:21  SCV  
  39  7:23  SCV  
Show
View Real Time Build Order
Export as new Build Order

Miszu Terran - Winner!

Build Orders: 1/1/1, MMM Bio 

Get SALT Encoding   

  12  0:02  SCV  
  13  0:14  SCV  
  13  0:18  Supply Depot  
  14  0:26  SCV  
  15  0:35  Refinery  
  15  0:40  SCV  
  16  0:44  Barracks  
  16  0:52  SCV  
  16  0:56  Refinery  
  17  1:04  SCV  
  18  1:14  Supply Depot  
  18  1:16  SCV  
  20  1:33  Marine, Orbital Command  
  20  1:43  Factory  
  20  1:51  Marine  
  21  1:58  SCV  
  22  2:06  Supply Depot  
  22  2:09  Marine  
  22  2:10  SCV  
  24  2:22  SCV  
  25  2:26  Starport, Marine, Factory Tech Lab  
  26  2:34  Supply Depot, SCV  
  27  2:44  Marine  
  27  2:47  SCV  
  29  2:54  Factory Tech Lab  
  29  3:00  SCV  
  30  3:10  Command Center  
  30  3:17  Raven  
  32  3:23  SCV  
  33  3:27  Barracks Reactor  
  33  3:31  Cyclone  
  36  3:35  SCV  
  36  3:41  Supply Depot  
  37  3:47  SCV  
  38  3:55  Barracks  
  38  3:59  SCV  
  39  4:06  Barracks  
  39  4:13  SCV  
  40  4:25  SCV  
  40  4:26  Starport Reactor  
  40  4:30  Siege Tank  
  40  4:31  Marine x2  
  44  4:37  SCV  
  46  4:41  Orbital Command  
  46  4:49  Marine, SCV  
  46  4:50  Marine  
  49  4:57  Stimpack  
  49  4:58  Barracks Tech Lab  
  49  4:59  Marine  
  50  5:02  SCV  
  50  5:03  Orbital Command  
  48  5:18  Marine x4  
  48  5:20  Siege Tank  
  55  5:26  Medivac  
  57  5:31  Medivac  
  59  5:36  Marine  
  59  5:40  Supply Depot  
  59  5:41  Marine  
  61  5:47  Marine  
  61  5:49  Marine  
  63  5:54  Marine  
  64  5:59  Marine  
  65  6:05  Supply Depot, Marine  
  65  6:06  Combat Shields  
  65  6:07  Marine  
  67  6:17  Marine  
  67  6:18  Marine  
  69  6:23  Marine  
  69  6:25  Marine  
  67  6:35  Marine  
  67  6:36  Marine  
  69  6:41  Marine  
  69  6:43  Marine  
  69  6:46  Medivac  
  73  6:53  Marine  
  73  6:54  Marine  
  75  6:59  Marine  
  75  7:01  Marine  
  74  7:05  Orbital Command  
  66  7:10  SCV  
  66  7:11  Marine x2  
  69  7:16  Marine  
  69  7:18  Marine  
  69  7:22  SCV  
Tags
 
Add a new tag
Caveats
  • Supply blocks, unpowered buildings, or Contaminate may cause inaccurate times.
  • Supply counts are checked every 10 seconds.